 Dungeon Crawl Stone Soup version 0.28.0-53-g5a82cb258f (webtiles) character file.

Game seed: 16715810699089947190

1428 Nyth the Cudgeller (level 8, -11/71 HPs)
             Began as a Minotaur Berserker on Aug 12, 2022.
             Mangled by a polar bear (21 damage)
             ... created by the rage of Trog
             ... on level 5 of the Dungeon.
             The game lasted 00:13:22 (5704 turns).

Nyth the Cudgeller (Minotaur Berserker)             Turns: 5704, Time: 00:13:24

Health: -11/71     AC:  7    Str: 21    XL:     8   Next: 44%
Magic:  16/16      EV: 13    Int:  4    God:
Gold:   225        SH:  0    Dex: 23    Spells: 7/7 levels left

rFire   . . .      SeeInvis .   o - +11 whip of Vaih {pain, MP+9 Dex+4}
rCold   . . .      Faith    .   (no shield)
rNeg    . . .      Spirit   .   r - +0 scale mail
rPois   +          Reflect  .   (helmet restricted)
rElec   .          Harm     .   (no cloak)
rCorr   .          Rampage  .   (no gloves)
Will    .....                   (no boots)
Stlth   +.........              (no amulet)
HPRegen 0.21/turn               d - +6 ring of dexterity
MPRegen 0.15/turn               p - ring of poison resistance

@: no status effects
A: horns 2, retaliatory headbutt
a: no special abilities


You were on level 5 of the Dungeon.
You visited 1 branch of the dungeon, and saw 5 of its levels.

You collected 225 gold pieces.

Inventory:

Hand Weapons
 o - the +11 whip of Vaih (weapon) {pain, MP+9 Dex+4}
   (You found it on level 5 of the Dungeon)

   In the hands of one skilled in necromantic magic, it inflicts extra damage on
   living creatures.
   Dex:       It affects your dexterity (+4).
   MP:        It affects your magic capacity (+9).
 u - a +4 dire flail of protection
Armour
 r - a +0 scale mail (worn)
Jewellery
 a - a +6 ring of intelligence
 d - a +6 ring of dexterity (left hand)
 p - a ring of poison resistance (right hand)
Wands
 h - a wand of flame (23)
 s - a wand of acid (3)
Scrolls
 b - a scroll of noise
 c - a scroll of identify
 k - a scroll of magic mapping
 l - 2 scrolls of fog
Potions
 f - a potion of brilliance
 g - a potion of invisibility


   Skills:
 + Level 6.3 Fighting
 + Level 3.4 Long Blades
 * Level 7.9 Maces & Flails
 + Level 6.7 Armour
 + Level 4.3 Dodging
 + Level 1.8 Stealth


You had 7 spell levels left.
You didn't know any spells.
Your spell library contained the following spells:

 Spells                   Type           Power      Damage    Failure   Level
 Ensorcelled Hibernation  Hex/Ice        0%         N/A       91%         2
 Passwall                 Tmut/Erth      0%         N/A       91%         2
 Searing Ray              Conj           0%         2d4       91%         2
 Swiftness                Air            0%         N/A       99%         3
 Flame Wave               Conj/Fire      0%         2d4       100%        4
 Sticky Flame             Conj/Fire      0%         2d3       100%        4


Dungeon Overview and Level Annotations

Branches:
Dungeon (5/15)
 Temple: D:4-7

Altars:
Kikubaaqudgha
Qazlal
Vehumet
Xom
Yredelemnul


Innate Abilities, Weirdness & Mutations

You have a pair of horns on your head.
You reflexively headbutt those who attack you in melee.


Message History

There is an open door here.
There is an open door here.
Trog hurls fiery rage upon you!
The fireball explodes!
The fireball engulfs you!!
No target in view!
Trog sends monsters to punish you. 2 black bears and 6 polar bears come into view.
Sorry, you're not good enough to have a special ability.
There are monsters nearby!
Nothing quivered!
You hit the polar bear.
You headbutt the polar bear, but do no damage.
The polar bear is lightly wounded.
The black bear bites you.
The black bear claws you but does no damage.
The black bear closely misses you. The polar bear bites you.
The polar bear barely misses you. The polar bear claws you.
You whack the polar bear!
You headbutt the polar bear, but do no damage.
The polar bear is lightly wounded.
The polar bear misses you. The polar bear barely misses you.
The polar bear misses you.
The black bear rages.
The polar bear rages.
The polar bear closely misses you.
The polar bear claws you but does no damage. x2
You whack the polar bear!
The polar bear is moderately wounded.
The polar bear bites you but does no damage.
The polar bear claws you but does no damage.
The polar bear completely misses you. The polar bear bites you!
The polar bear claws you but does no damage.
The polar bear claws you.
You hit the polar bear. You headbutt the polar bear!
The polar bear is heavily wounded.
The polar bear bites you!!
* * * LOW HITPOINT WARNING * * *
The polar bear misses you.
The polar bear claws you but does no damage.
The polar bear bites you!!
You die...

..# #.........#
..# #.........#
..# #.........#
..# #.........#
.## ##...###.##
##
#######...###.###
........†...hh..#
..........hhhhh.#
.##..##....##@h.#
######....######
#...'......#
#...#......#
##..##....####
#####.......#
#.......##
#.......#
#.......#


You could see 6 polar bears and 2 black bears.

Vanquished Creatures
  An acid dragon (D:5)
  A black bear (D:4)
  A hornet zombie (D:5)
  A centaur (D:5)
  A phantom (D:4)
  Blork the orc (D:5)
  2 scorpions (D:5)
  5 wights (D:5)
  A howler monkey (D:5)
  A centaur zombie (D:5)
  A bullfrog skeleton (D:5)
  A hound (D:5)
  A bullfrog zombie (D:5)
  A human zombie (D:5)
  Ijyb (D:3)
  A gnoll shaman (D:5)
  2 scorpion zombies
  A killer bee zombie (D:5)
  5 hound zombies
  2 hound skeletons (D:5)
  2 mummies (D:5)
  4 gnolls (D:5)
  2 howler monkey zombies (D:5)
  3 adders
  2 ufetubi (D:5)
  2 adder zombies
  A worm (D:4)
  A dart slug (D:1)
  4 orcs
  6 ball pythons
  7 endoplasms
  A giant cockroach (D:1)
  4 goblins
  6 hobgoblins
  3 jackals (D:3)
  6 bats
  2 frilled lizards (D:1)
  3 kobolds
  8 rats
98 creatures vanquished.

Notes
Turn   | Place    | Note
-------+----------+-------------------------------------------
     0 | D:1      | Nyth the Minotaur Berserker began the quest for the Orb.
     0 | D:1      | Reached XP level 1. HP: 19/19 MP: 0/0
   132 | D:1      | Found a faded altar of an unknown god.
   139 | D:1      | Reached XP level 2. HP: 23/27 MP: 1/1
   142 | D:1      | Reached skill level 4 in Maces & Flails
   980 | D:2      | Reached XP level 3. HP: 33/33 MP: 2/2
  1033 | D:2      | Found a shimmering altar of Xom.
  1322 | D:2      | Reached ** piety under Trog
  1749 | D:3      | Noticed Ijyb
  1761 | D:3      | Killed Ijyb
  1762 | D:3      | Reached XP level 4. HP: 16/41 MP: 3/3
  2524 | D:3      | Found a stormy altar of Qazlal.
  2959 | D:4      | Found a basalt altar of Yredelemnul.
  3024 | D:4      | Reached skill level 5 in Maces & Flails
  3024 | D:4      | Reached XP level 5. HP: 33/47 MP: 4/4
  3188 | D:4      | Noticed a phantom
  3201 | D:4      | Killed a phantom
  3202 | D:4      | Reached skill level 1 in Stealth
  3346 | D:4      | Identified the +0 leather armour of Rilimyn {rPois Int+4}
  3346 | D:4      | Noticed a black bear
  3358 | D:4      | Killed a black bear
  3359 | D:4      | Reached skill level 5 in Fighting
  3359 | D:4      | Reached XP level 6. HP: 48/56 MP: 5/5
  3694 | D:4      | Identified the +1 ring mail of the Valley of Death {Harm
                  | rElec Str-4 Stlth+}
  4243 | D:5      | Entered Level 5 of the Dungeon
  4266 | D:5      | Reached skill level 6 in Maces & Flails
  4349 | D:5      | Reached skill level 1 in Long Blades
  4349 | D:5      | Reached XP level 7. HP: 42/61 MP: 6/6
  4497 | D:5      | Identified the +11 whip of Vaih {pain, MP+9 Dex+4}
  4645 | D:5      | Noticed Blork the orc
  4649 | D:5      | Killed Blork the orc
  4650 | D:5      | Reached skill level 5 in Armour
  4901 | D:5      | Fell from the grace of Trog
  4937 | D:5      | Reached skill level 7 in Maces & Flails
  4949 | D:5      | Reached XP level 8. HP: 70/70 MP: 7/7
  4949 | D:5      | Found an ancient bone altar of Kikubaaqudgha.
  5110 | D:5      | Found a radiant altar of Vehumet.
  5539 | D:5      | Got Yduleh's Catalogue of Attacks
  5700 | D:5      | Noticed a polar bear
  5700 | D:5      | Noticed a polar bear
  5700 | D:5      | Noticed a polar bear
  5700 | D:5      | Noticed a polar bear
  5700 | D:5      | Noticed a polar bear
  5700 | D:5      | Noticed a polar bear
  5704 | D:5      | Mangled by a polar bear

Illustrated notes

Levels and vault maps discovered:
D:1:      minmay_arrival_shattered_statue, layout_basic, basic_ecumenical_altar
D:2:      layout_basic, basic_altar
D:3:      layout_basic, mainiacjoe_overflow_boulevard,
          kennysheep_generic_room_8, uniq_ijyb
D:4:      layout_basic, nicolae_yredelemnul_corpse_copse, minivault_5
D:5:      layout_gridville, lemuel_mausoleum_altar_kikubaaqudgha,
          vehumet_altar_wand_db, uniq_blork_the_orc

Skill      XL: |  1  2  3  4  5  6  7  8 |
---------------+-------------------------+-----
Fighting       | 4 5 6 |  6.3
Maces & Flails | 4 5 6 7 |  7.9
Dodging        | 3 4 |  4.3
Armour         | 3 4 6 |  6.7
Stealth        | 1 |  1.8
Long Blades    | 1 2 3 |  3.4

Action                   |  1- 3 |  4- 6 |  7- 9 || total
-------------------------+-------+-------+-------++-------
Melee: Mace              |    80 |    80 |       ||   160
       Headbutt          |    15 |    13 |    23 ||    51
       Falchion          |       |    18 |       ||    18
       Punch             |       |     1 |       ||     1
       Whip              |       |       |   101 ||   101
Invok: Berserk           |       |     3 |     1 ||     4
       Trog's Hand       |       |     1 |     1 ||     2
  Use: Scroll            |       |     6 |       ||     6
       Potion            |       |       |     3 ||     3
 Stab: Sleeping          |     1 |     1 |       ||     2
Armor: Animal skin       |    16 |       |       ||    16
       Ring mail         |       |    29 |       ||    29
       Leather armour    |       |     6 |       ||     6
       Scale mail        |       |    10 |    27 ||    37
Dodge: Dodged            |    63 |    53 |    56 ||   172
